AoeStats
← fatcat15513

Hill Fort

504544543Analyzed
4v4 RM · 27d ago on Sep 5, 2026· 39m 51s· 8 players
Game mode
Random Map
Map size
Large (8 player)
Population
200
Speed
Normal
Resources
Standard
Victory
Conquest
Starting age
Dark Age
Ending age
Imperial Age
RankedLock teamsTeams togetherTeam positionsShared explorationLock speedFull tech treeHidden civsTurbo modeCheats
Victory
Defeat
🇫🇷 Italians · France
1324
+10
🇺🇸 Tatars · United States
1266
+12
🇧🇷 Bohemians · Brazil
1243
+13
🇧🇪 Magyars · Belgium
1240
+13
🇹🇼 Japanese · Taiwan
1280
-15
🇫🇷 Burgundians · France
1159
-11
🇹🇼 Teutons · Taiwan
1157
-11
🇹🇼 Sicilians · Taiwan
1148
-11
LanaAio
9:54 Feudal Age
11:38 Double-Bit Axe
12:50 Horse Collar
16:59 Castle Age
15:59 Fletching
18:13 Loom
19:22 Bow Saw
19:38 Scale Barding Armor
19:31 Bodkin Arrow
20:40 Gold Mining
25:48 Heavy Plow
27:49 Bloodlines
28:17 Husbandry
28:26 Scale Barding Armor
35:04 Wheelbarrow
37:03 Imperial Age
36:10 Hand Cart
36:08 Corvinian Army
37:09 Chain Barding Armor
40:42 Plate Barding Armor
Alexiỗs
9:16 Loom
11:01 Feudal Age
16:14 Castle Age
14:17 Double-Bit Axe
15:19 Horse Collar
17:19 Bow Saw
24:42 Wheelbarrow
23:52 Town Watch
24:58 Fletching
25:09 Padded Archer Armor
27:44 Bodkin Arrow
29:07 Ballistics
29:17 Leather Archer Armor
29:08 Heavy Plow
28:55 Town Watch
30:56 Town Patrol
32:22 Hand Cart
35:40 Imperial Age
35:12 Scale Barding Armor
37:26 Chemistry
36:34 Bracer
37:05 Ring Archer Armor
37:54 Two-Man Saw
37:13 Masonry
37:41 Thumb Ring
38:48 Hoardings
39:43 Elite Genoese Crossbowman
The Man The Myth The Legend
11:17 Feudal Age
12:06 Loom
15:32 Castle Age
13:16 Horse Collar
13:56 Double-Bit Axe
16:42 Bow Saw
17:04 Fletching
20:49 Bodkin Arrow
21:47 Bloodlines
22:16 Padded Archer Armor
24:39 Wheelbarrow
23:51 Town Watch
24:40 Leather Archer Armor
25:11 Stone Mining
26:14 Ballistics
26:38 Hand Cart
33:36 Imperial Age
32:45 Town Patrol
34:18 Bracer
35:05 Ring Archer Armor
35:03 Heavy Cavalry Archer
37:32 Conscription
41:10 Chemistry
40:17 Siege Engineers
40:14 Gold Mining
cortes.av
10:55 Feudal Age
16:02 Castle Age
14:13 Double-Bit Axe
16:00 Horse Collar
18:50 Chemistry
18:11 Padded Archer Armor
19:56 Wheelbarrow
20:59 Leather Archer Armor
21:22 Loom
40:05 Imperial Age
37:53 Heavy Plow
40:17 Bow Saw
jasonpanex
9:17 Loom
12:35 Feudal Age
16:25 Castle Age
14:41 Double-Bit Axe
16:48 Gold Mining
17:33 Bow Saw
17:59 Bloodlines
18:48 Scale Barding Armor
19:04 Forging
20:32 Wheelbarrow
37:46 Chain Barding Armor
38:02 Iron Casting
fatcat15513
10:54 Feudal Age
15:12 Castle Age
13:31 Horse Collar
13:57 Double-Bit Axe
23:15 Loom
23:16 Town Watch
24:05 Fletching
27:01 Scale Mail Armor
27:12 Forging
31:26 Imperial Age
29:59 Pikeman
32:06 Capped Ram
37:08 Gold Mining
LocalMomsHelper
4:20 Loom
11:20 Feudal Age
15:10 Castle Age
15:24 Double-Bit Axe
15:37 Town Watch
17:10 Bow Saw
20:27 Loom
20:19 Elite Skirmisher
21:40 Fletching
24:14 Pikeman
26:27 Bodkin Arrow
26:32 Padded Archer Armor
27:31 Fishing Lines
29:31 Wheelbarrow
30:39 Leather Archer Armor
31:02 Gillnets
35:10 Imperial Age
33:48 Ballistics
33:51 Scale Mail Armor
34:01 Forging
34:02 Thumb Ring
34:28 Guard Tower
MisterTinou
6:32 Double-Bit Axe
7:29 Horse Collar
10:40 Feudal Age
13:24 Loom
17:30 Castle Age
15:44 Gold Mining
16:28 Bow Saw
16:30 Heavy Plow
16:39 Stone Mining
19:12 Wheelbarrow
19:42 Two-Man Saw
21:31 Hand Cart
24:33 Stone Shaft Mining
25:22 Fletching
26:28 Elite Skirmisher
27:12 Padded Archer Armor
33:04 Burgundian Vineyards
33:50 Forging
33:35 Bodkin Arrow
33:46 Scale Barding Armor
34:05 Ballistics
33:43 Town Watch
34:45 Gold Shaft Mining
38:27 Imperial Age
37:05 Iron Casting
37:22 Town Patrol
37:54 Chain Barding Armor
39:54 Husbandry
39:15 Light Cavalry
40:37 Plate Barding Armor
41:03 Blast Furnace
Connection lost

Rejoining the realm…

Still unreachable

The connection could not be restored.

Session expired

The server has moved on; the page needs a fresh start.